 Dungeon Crawl Stone Soup version 0.28-a0-239-g68911e0c57 (webtiles) character file.

Game seed: 14938687121979569774

3006 Gargoyl the Fighter (level 9, -4/74 HPs)
             Began as a Gnoll Abyssal Knight on Aug 23, 2021.
             Was a Priest of Lugonu.
             Splashed by an acid dragon's acid (12 damage)
             ... on level 7 of the Dungeon.
             The game lasted 00:09:27 (8269 turns).

Gargoyl the Fighter (Gnoll Abyssal Knight)          Turns: 8269, Time: 00:09:29

Health: -4/74      AC:  5    Str: 14    XL:     9   Next: 84%
Magic:  15/15      EV: 13    Int: 12    God:    Lugonu [***...]
Gold:   897        SH:  0    Dex: 12    Spells: 17/17 levels left

rFire   . . .      SeeInvis .   f - +3 short sword (elec)
rCold   . . .      Faith    .   (no shield)
rNeg    . . .      Spirit   .   d - +0 steam dragon scales
rPois   .          Reflect  .   r - +0 helmet
rElec   .          Harm     .   g - +2 cloak
rCorr   .          Rampage  .   n - +0 pair of gloves
Will    .....      Rnd*Tele +   j - +0 pair of boots
Stlth   +++.......              e - amulet of the acrobat
HPRegen 0.22/turn               o - ring of flight
MPRegen 0.14/turn               (no ring)

@: corroded, flying, unable to read
A: fangs 1, strong nose, distributed training, teleportitis 1, wild magic 1,
inability to read while threatened, devolution 1
a: Renounce Religion, Depart the Abyss, Bend Space, Banish


You were on level 7 of the Dungeon.
You worshipped Lugonu.
Lugonu was most pleased with you.
You visited 1 branch of the dungeon, and saw 8 of its levels.
You visited the Abyss 1 time.

You collected 1129 gold pieces.
You spent 232 gold pieces at shops.

Inventory:

Hand Weapons
 a - a +2 hand axe
 f - a +3 short sword of electrocution (weapon)
 k - the +4 hand axe "Veppots" {vorpal, Contam rPois Str+4 Dex+4}
   (You bought it in a shop on level 6 of the Dungeon)

   It inflicts extra damage upon your enemies.
   Str:       It affects your strength (+4).
   Dex:       It affects your dexterity (+4).
   rPois:     It protects you from poison.
   Contam:    It causes magical contamination when unequipped.
Missiles
 q - 15 poisoned darts (quivered)
Armour
 d - +0 steam dragon scales (worn)
 g - a +2 cloak (worn)
 j - a +0 pair of boots (worn)
 n - a +0 pair of gloves (worn)
 r - a +0 helmet (worn)
Jewellery
 e - an amulet of the acrobat (around neck)
 o - a ring of flight (left hand)
Wands
 i - a wand of flame (9)
 m - a wand of polymorph (2)
Scrolls
 b - 3 scrolls of identify
 h - 5 scrolls of teleportation
 p - a scroll of amnesia
Potions
 c - a potion of berserk rage
 l - 3 potions of cancellation


   Skills:
 + Level 8.1 Fighting
 + Level 4.6 Short Blades
 + Level 4.6 Long Blades
 + Level 6.6 Axes
 + Level 4.6 Maces & Flails
 + Level 4.6 Polearms
 + Level 4.6 Staves
 + Level 4.6 Slings
 + Level 4.6 Bows
 + Level 4.6 Crossbows
 + Level 4.6 Throwing
 + Level 6.6 Armour
 + Level 5.3 Dodging
 + Level 4.6 Stealth
 + Level 4.6 Shields
 + Level 4.6 Unarmed Combat
 + Level 4.6 Spellcasting
 + Level 3.8 Conjurations
 + Level 3.8 Hexes
 + Level 3.8 Summonings
 + Level 3.8 Necromancy
 + Level 3.8 Translocations
 + Level 3.8 Transmutations
 + Level 3.8 Fire Magic
 + Level 3.8 Ice Magic
 + Level 3.8 Air Magic
 + Level 3.8 Earth Magic
 + Level 3.8 Poison Magic
 + Level 6.9 Invocations
 + Level 4.6 Evocations


You had 17 spell levels left.
You didn't know any spells.
Your spell library contained the following spells:

 Spells                   Type           Power      Damage    Failure   Level
 Animate Skeleton         Necr           30%        N/A       7%          1
 Apportation              Tloc           30%        N/A       7%          1
 Corona                   Hex            16%        N/A       7%          1
 Summon Small Mammal      Summ           60%        N/A       7%          1
 Gell's Gravitas          Tloc           7%         N/A       19%         3
 Teleport Other           Tloc           15%        N/A       19%         3
 Dispersal                Tloc           7%         N/A       100%        6


Dungeon Overview and Level Annotations

Branches:
Dungeon (8/15)             Temple (0/1) D:7
   Lair: D:8-11

Altars:
Cheibriados
Fedhas
Hepliaklqana
Qazlal
Sif Muna

Shops:
D:2 [   D:4 *   D:6 (   D:8 [


Innate Abilities, Weirdness & Mutations

You have very sharp teeth.
Your uncanny sense of smell can sniff out nearby items.
Your experience applies equally to all skills.
You are occasionally teleported next to monsters.
Your spells are a little harder to cast, but a little more powerful.
You sometimes lose the ability to read scrolls when taking damage.
You have hidden genetic defects.


Message History

Lightning courses through the acid dragon!!
Your bite misses the acid dragon.
The acid dragon is severely wounded.
The acid dragon bites you but does no damage.
The acid dragon claws you but does no damage.
Unknown command.
You hit the acid dragon.
The acid dragon is almost dead.
The acid dragon closely misses you.
The acid dragon claws you but does no damage.
Unknown command.
You hit the acid dragon but do no damage.
The acid dragon is almost dead.
The acid dragon spits acid at you. The splash of acid hits you!
You feel threatened and lose the ability to read scrolls!
The acid corrodes you!
You are splashed with acid!
* * * LOW HITPOINT WARNING * * *
You hit the acid dragon but do no damage.
The acid dragon is almost dead.
The acid dragon barely misses you.
The acid dragon claws you but does no damage.
Unknown command.
You hit the acid dragon.
The acid dragon is almost dead.
The acid dragon bites you but does no damage.
The acid dragon closely misses you.
Unknown command.
You hit the acid dragon but do no damage.
The acid dragon is almost dead.
The acid dragon bites you.
* * * LOW HITPOINT WARNING * * *
The acid dragon claws you but does no damage.
You closely miss the acid dragon.
The acid dragon is almost dead.
The acid dragon spits acid at you. The splash of acid hits you!
* * * LOW HITPOINT WARNING * * *
The acid corrodes you!
You are splashed with acid!
You die...

.#...#.......'..#.........⌠.⌠....
.#...'.......#..#........8.>.8...
###.##.......#.###...###..⌠.⌠..##
###.#....##'##+#########.8.8.8.#
#...#....#.....................#
#...#....'.................#..###
#..(#....#....#####'####..###....
#...#....#....###D...###########.
###'#....#....#.@..........# ##
.........#....#............#
.........#....#............#
.........#....##...####.######
.........#....#########.#....#
.........#.....#........#....#
....[#####.....#........#....#
.....#.........'....<...'....#
.....#..##+#######+######....#


You could see an acid dragon (catching breath).

Vanquished Creatures
  Pikel (D:5)
  A hornet (D:8)
  A steam dragon (D:4)
  Menkaure (D:7)
  Edmund (D:6)
  Duvessa (D:5)
  2 necrophages
  2 orc warriors
  An ogre (D:5)
  2 black bears
  3 sky beasts
  A centaur (D:7)
  3 lemures
  Blork the orc (D:5)
  4 scorpions
  Dowan (D:5)
  2 centaur zombies
  A jelly (D:7)
  2 hounds
  Crazy Yiuf (D:3)
  2 centaur skeletons
  A bullfrog skeleton (D:6)
  A scorpion zombie (D:5)
  2 iguanas (D:5)
  An orc wizard (D:5)
  A howler monkey zombie (D:6)
  7 adders
  A white imp (D:5)
  An ufetubus (D:6)
  2 adder skeletons (D:4)
  3 worms
  14 orcs
  2 bats
  7 endoplasms
  4 giant cockroaches
  5 goblins
  5 hobgoblins
  4 jackals (D:4)
  12 kobolds
  2 quokkas (D:1)
  4 ball pythons
  5 frilled lizards
  A quokka skeleton (D:2)
  5 rats
124 creatures vanquished.

Notes
Turn   | Place    | Note
-------+----------+-------------------------------------------
     0 | Abyss:1  | Gargoyl the Gnoll Abyssal Knight began the quest for the
                  | Orb.
     0 | Abyss:1  | Reached XP level 1. HP: 23/23 MP: 3/3
    17 | Abyss:1  | Found a corrupted altar of Lugonu.
    37 | Abyss:1  | Found a corrupted altar of Lugonu.
   139 | Abyss:1  | Noticed a rakshasa
   139 | Abyss:1  | Noticed a worldbinder
   140 | Abyss:1  | Noticed a tarantella
   140 | Abyss:1  | Noticed a tarantella
   141 | Abyss:1  | Noticed a tarantella
   144 | D:1      | Escaped the Abyss
   186 | D:1      | Found a faded altar of an unknown god.
   259 | D:1      | Reached XP level 2. HP: 25/29 MP: 5/5
   270 | D:1      | Reached * piety under Lugonu
   859 | D:2      | Found a shimmering blue altar of Sif Muna.
   903 | D:2      | Reached XP level 3. HP: 25/35 MP: 6/6
   912 | D:2      | Found Enluat's Armour Shoppe.
  1550 | D:2      | Reached skill level 1 in Short Blades
  1550 | D:2      | Reached skill level 1 in Long Blades
  1550 | D:2      | Reached skill level 1 in Maces & Flails
  1550 | D:2      | Reached skill level 1 in Polearms
  1550 | D:2      | Reached skill level 1 in Staves
  1550 | D:2      | Reached skill level 1 in Slings
  1550 | D:2      | Reached skill level 1 in Bows
  1550 | D:2      | Reached skill level 1 in Crossbows
  1550 | D:2      | Reached skill level 1 in Throwing
  1550 | D:2      | Reached skill level 1 in Stealth
  1550 | D:2      | Reached skill level 1 in Shields
  1550 | D:2      | Reached skill level 1 in Unarmed Combat
  1550 | D:2      | Reached skill level 1 in Spellcasting
  1550 | D:2      | Reached skill level 1 in Evocations
  1859 | D:2      | Reached XP level 4. HP: 27/41 MP: 7/7
  2074 | D:3      | Reached ** piety under Lugonu
  2138 | D:3      | Found a runed translucent door.
  2139 | D:3      | Noticed Crazy Yiuf
  2312 | D:3      | Reached skill level 1 in Conjurations
  2312 | D:3      | Reached skill level 1 in Hexes
  2312 | D:3      | Reached skill level 1 in Summonings
  2312 | D:3      | Reached skill level 1 in Necromancy
  2312 | D:3      | Reached skill level 1 in Translocations
  2312 | D:3      | Reached skill level 1 in Transmutations
  2312 | D:3      | Reached skill level 1 in Fire Magic
  2312 | D:3      | Reached skill level 1 in Ice Magic
  2312 | D:3      | Reached skill level 1 in Air Magic
  2312 | D:3      | Reached skill level 1 in Earth Magic
  2312 | D:3      | Reached skill level 1 in Poison Magic
  2319 | D:3      | Reached XP level 5. HP: 25/47 MP: 8/8
  2466 | D:3      | Found a snail-covered altar of Cheibriados.
  2969 | D:3      | Killed Crazy Yiuf
  3112 | D:4      | Found Dooghino's Overcharged Wands.
  3150 | D:4      | Noticed a necrophage
  3159 | D:4      | Killed a necrophage
  3160 | D:4      | Reached skill level 5 in Axes
  3160 | D:4      | Reached skill level 5 in Armour
  3160 | D:4      | Reached skill level 5 in Invocations
  3160 | D:4      | Reached XP level 6. HP: 52/53 MP: 9/9
  3167 | D:4      | Noticed a steam dragon
  3191 | D:4      | Killed a steam dragon
  3192 | D:4      | Reached XP level 7. HP: 8/59 MP: 10/10
  3576 | D:4      | Reached skill level 7 in Fighting
  3861 | D:5      | Entered Level 5 of the Dungeon
  3873 | D:5      | Identified a scroll of acquirement
  3873 | D:5      | Acquired 848 gold pieces
  4172 | D:5      | Reached *** piety under Lugonu
  4177 | D:5      | Reached XP level 8. HP: 59/67 MP: 12/12
  4221 | D:5      | Noticed Pikel
  4296 | D:5      | Killed Pikel
  4470 | D:5      | Noticed Blork the orc
  4480 | D:5      | Killed Blork the orc
  4611 | D:5      | Noticed Dowan
  4612 | D:5      | Noticed Duvessa
  4881 | D:5      | Killed Duvessa
  4883 | D:5      | Killed Dowan
  5148 | D:5      | Reached XP level 9. HP: 72/72 MP: 14/14
  5454 | D:5      | You are sucked into a shaft and drop 3 floors!
  5462 | D:8      | Noticed a hornet
  5468 | D:8      | Paralysed by a hornet for 2 turns
  5473 | D:8      | Killed a hornet
  6204 | D:7      | Noticed Menkaure
  6223 | D:7      | Killed Menkaure
  6224 | D:7      | Reached skill level 5 in Dodging
  6567 | D:6      | Noticed Edmund
  6581 | D:6      | Killed Edmund
  7011 | D:6      | Gained mutation: Your spells are a little harder to cast,
                  | but a little more powerful. [potion of mutation]
  7011 | D:6      | Gained mutation: You have hidden genetic defects. [potion
                  | of mutation]
  7011 | D:6      | Gained mutation: You are occasionally teleported next to
                  | monsters. [potion of mutation]
  7019 | D:6      | Gained mutation: You sometimes lose the ability to read
                  | scrolls when taking damage. [hidden defects]
  7062 | D:6      | Reached skill level 8 in Fighting
  7146 | D:6      | Found Fobb's Antique Weapon Shoppe.
  7154 | D:6      | Bought a jewelled hand axe for 232 gold pieces
  7154 | D:6      | Identified the +4 hand axe "Veppots" {vorpal, Contam rPois
                  | Str+4 Dex+4} (You bought it in a shop on level 6 of the
                  | Dungeon)
  7412 | D:6      | Found a stormy altar of Qazlal.
  7412 | D:6      | Found a blossoming altar of Fedhas.
  7726 | D:7      | Found a staircase to the Ecumenical Temple.
  7969 | D:7      | Found a hazy altar of Hepliaklqana.
  8258 | D:8      | Found Dooxa's Antique Armour Shop.
  8269 | D:7      | Splashed by an acid dragon's acid

Illustrated notes

Levels and vault maps discovered:
D:1:      lemuel_arrival_muddy, layout_basic, ebering_ecumenical_altar_mist
D:2:      layout_basic, basic_altar, serial_shops, nicolae_square_shop,
          nrook_mini_vaults, minmay_misc_feat_doors, minmay_tripent
D:3:      layout_rooms, cheibriados_altar_1, uniq_crazy_yiuf_cottage
D:4:      layout_rooms, nrook_loot_triangle, nicolae_shop_overcharged_wands
D:5:      layout_gridville, minmay_misc_feat_pillars, uniq_blork_the_orc,
          uniq_pikel, uniq_duvessa
D:6:      layout_gridville, grunt_temple_overflow_forces_of_nature,
          serial_shops, nicolae_shop_statue_plus, uniq_edmund
D:7:      layout_gridville, mainiacjoe_overflow_concentric_impassable,
          minmay_temple_entry_statues_fountains, chequers_arboretum,
          uniq_menkaure
D:8:      layout_basic, serial_shops, nicolae_stop_n_shop_1,
          minmay_hollow_rounded_squares

Skill      XL: |  1  2  3  4  5  6  7  8  9 |
---------------+----------------------------+-----
Short Blades   | 1 2 3 4 |  4.6
Long Blades    | 1 2 3 4 |  4.6
Maces & Flails | 1 2 3 4 |  4.6
Polearms       | 1 2 3 4 |  4.6
Staves         | 1 2 3 4 |  4.6
Slings         | 1 2 3 4 |  4.6
Bows           | 1 2 3 4 |  4.6
Crossbows      | 1 2 3 4 |  4.6
Throwing       | 1 2 3 4 |  4.6
Stealth        | 1 2 3 4 |  4.6
Shields        | 1 2 3 4 |  4.6
Unarmed Combat | 1 2 3 4 |  4.6
Spellcasting   | 1 2 3 4 |  4.6
Evocations     | 1 2 3 4 |  4.6
Conjurations   | 1 2 3 |  3.8
Hexes          | 1 2 3 |  3.8
Summonings     | 1 2 3 |  3.8
Necromancy     | 1 2 3 |  3.8
Translocations | 1 2 3 |  3.8
Transmutations | 1 2 3 |  3.8
Fire Magic     | 1 2 3 |  3.8
Ice Magic      | 1 2 3 |  3.8
Air Magic      | 1 2 3 |  3.8
Earth Magic    | 1 2 3 |  3.8
Poison Magic   | 1 2 3 |  3.8
Dodging        | 3 4 5 |  5.3
Axes           | 5 6 |  6.6
Armour         | 5 6 |  6.6
Invocations    | 5 6 |  6.9
Fighting       | 7 8 |  8.1

Action                   |  1- 3 |  4- 6 |  7- 9 || total
-------------------------+-------+-------+-------++-------
Melee: Hand axe          |   121 |    81 |       ||   202
       Bite              |     6 |    14 |    27 ||    47
       Punch             |       |     1 |     9 ||    10
       Short sword       |       |    51 |   258 ||   309
       Unarmed           |       |       |     9 ||     9
Invok: Depart the Abyss  |     1 |       |       ||     1
Evoke: Wand              |       |       |     4 ||     4
  Use: Scroll            |     1 |     5 |    10 ||    16
       Potion            |       |     5 |     1 ||     6
 Stab: Invisible         |       |     2 |       ||     2
       Sleeping          |       |       |     5 ||     5
Armor: Ring mail         |    56 |    86 |       ||   142
       Steam dragon scal |       |       |   104 ||   104
Dodge: Dodged            |    65 |    96 |   167 ||   328

Table legend: (Time is in decaauts)
 A = Elapsed time spent in this place.
 B = Non-inter-level travel time spent in this place.
 C = Inter-level travel time spent in this place.
 D = Time resting spent in this place.
 E = Time spent auto-exploring this place.
 F = Levels seen in this place.
 G = Mean time per level.
                   A        B        C        D        E       F      G
               +--------+--------+--------+--------+--------+-----+--------+
         Total |   8269 |   8046 |    223 |   1266 |   5262 |   9 |  918.8 |
       Dungeon |   8125 |   7902 |    223 |   1266 |   5154 |   8 | 1015.6 |
         Abyss |    144 |    144 |      0 |      0 |    108 |   1 |  144.0 |
               +--------+--------+--------+--------+--------+-----+--------+

Top non-repeatable levels by time:
     D:5: 1553 daAuts
     D:2: 1278 daAuts
     D:7: 1185 daAuts
     D:6: 1158 daAuts
     D:3: 959 daAuts
     D:4: 883 daAuts
     D:1: 644 daAuts
     D:8: 461 daAuts
 Abyss:1: 144 daAuts
